 Dungeon Crawl Stone Soup version 0.27.0-1-g7a089689b8 (webtiles) character file.

Game seed: 15432532843274635928

25 ABBCCCDDDD the Skirmisher (level 2, 0/24 HPs)
             Began as a Demonspawn Fighter on Aug 15, 2021.
             Slain by an adder (3 damage)
             ... on level 2 of the Dungeon.
             The game lasted 00:02:48 (1553 turns).

ABBCCCDDDD the Skirmisher (Demonspawn Fighter)      Turns: 1553, Time: 00:02:48

Health: 0/24       AC:  6    Str: 16    XL:     2   Next: 82%
Magic:  2/2        EV:  6    Int:  9    God:
Gold:   16         SH:  8    Dex: 12    Spells: 1/1 levels left

rFire    . . .     SeeInvis .   a - +0 flail
rCold    . . .     Faith    .   c - +0 kite shield
rNeg     . . .     Spirit   .   b - +0 scale mail
rPois    .         Reflect  .   (no helmet)
rElec    .         Harm     .   (no cloak)
rCorr    .         Rampage  .   (no gloves)
Will     .....                  (no boots)
Stlth    ..........             (no amulet)
HPRegen  0.08/turn              (no ring)
MPRegen  0.08/turn              (no ring)

@: no status effects
A: demonic magic 1
a: no special abilities


You were on level 2 of the Dungeon.
You visited 1 branch of the dungeon, and saw 2 of its levels.

You collected 16 gold pieces.

Inventory:

Hand Weapons
 a - a +0 flail (weapon)
Armour
 b - a +0 scale mail (worn)
 c - a +0 kite shield (worn)


   Skills:
 + Level 3.4 Fighting
 + Level 2.2 Maces & Flails
 - Level 2.6 Armour
 + Level 3.1 Shields


You had one spell level left.
You didn't know any spells.
Your spell library was empty.

Dungeon Overview and Level Annotations

Branches:
Dungeon (2/15)

Altars:


Innate Abilities, Weirdness & Mutations

Spells you cast may paralyse adjacent enemies.


Message History

The adder bites you. The adder bites you but does no damage.
You are too injured to fight recklessly!
You are too injured to fight recklessly!
You are too injured to fight recklessly!
You are too injured to fight recklessly!
You are too injured to fight recklessly!
You are too injured to fight recklessly!
You are too injured to fight recklessly!
You aren't carrying any potions.
Unknown command.
You aren't carrying any potions.
Unknown command.
You aren't carrying any scrolls.
Unknown command.
You closely miss the adder. You block the adder's attack. The adder bites you.
You closely miss the adder. You block the adder's attack.
The adder bites you but does no damage.
You miss the adder. You block the adder's attack.
The adder bites you but does no damage.
You barely miss the adder. You block the adder's attack.
The adder barely misses you.
You hit the adder but do no damage. The adder bites you but does no damage.
You block the adder's attack.
You closely miss the adder. The adder bites you.
You are poisoned.
The adder poisons you! The adder bites you but does no damage.
You miss the adder.
You feel sick. The adder barely misses you. You block the adder's attack.
You hit the adder.
The adder is heavily wounded.
You feel sick. The adder barely misses you. You block the adder's attack.
You miss the adder.
The adder is heavily wounded.
You feel sick.
You are no longer poisoned.
You block the adder's attack. The adder bites you but does no damage.
You barely miss the adder.
The adder is heavily wounded.
The adder bites you.
You die...

#.# ###.# #.# #.#
#.#####.###
#.........#
#.........#
#.........#
#.........#
#........S#
#........@#
#.........#
#.........#######
########.........
#.######## #.#
#.# #.###########
#..........<#


You could see an adder.

Levels and vault maps discovered:
D:1:      arrival_zaba_pyramid, layout_basic, minmay_misc_feat_room, st_stairs_8
D:2:      layout_basic, dreamdust_ecumenical_altar_angels_and_demons, uniq_robin

Notes
Turn   | Place    | Note
-------+----------+-------------------------------------------
     0 | D:1      | ABBCCCDDDD the Demonspawn Fighter began the quest for the
                  | Orb.
     0 | D:1      | Reached XP level 1. HP: 18/18 MP: 1/1
    95 | D:1      | ABBCCCDDDD: !polytheist abbccccdddd
    95 | D:1      | beem: Unwon gods for abbccccdddd: , Ashenzari, Beogh,
                  | Cheibriados, Dithmenos, Elyvilon, Fedhas, Gozag,
                  | Hepliaklqana, Jiyva, Kikubaaqudgha, Lugonu, Makhleb,
                  | Nemelex Xobeh, Okawaru, Qazlal, Ru, Sif Muna, The Shining
                  | One, Trog, Uskayaw, Vehumet, Wu Jian, Xom, Yredelemnul, Zin
    95 | D:1      | ABBCCCDDDD: !polytheist abbcccdddd
   153 | D:1      | beem: Unwon gods for abbcccdddd: Elyvilon, Jiyva, Qazlal,
                  | Wu Jian, Zin
   160 | D:1      | Gained mutation: Spells you cast may paralyse adjacent
                  | enemies. [demonic ancestry]
   160 | D:1      | Reached XP level 2. HP: 14/24 MP: 2/2
  1553 | D:2      | Slain by an adder

Table legend: (Time is in decaauts)
 A = Elapsed time spent in this place.
 B = Non-inter-level travel time spent in this place.
 C = Inter-level travel time spent in this place.
 D = Time resting spent in this place.
 E = Time spent auto-exploring this place.
 F = Levels seen in this place.
 G = Mean time per level.
                   A        B        C        D        E       F      G
               +--------+--------+--------+--------+--------+-----+--------+
         Total |   1597 |   1503 |     94 |      0 |   1298 |   2 |  798.5 |
       Dungeon |   1597 |   1503 |     94 |      0 |   1298 |   2 |  798.5 |
               +--------+--------+--------+--------+--------+-----+--------+

Top non-repeatable levels by time:
     D:1: 1502 daAuts
     D:2: 94 daAuts

Table legend:
 A = Kills in this place as a percentage of kills in entire the game.
 B = Kills by you in this place as a percentage of kills by you in the entire game.
 C = Kills by friends in this place as a percentage of kills by friends in the entire game.
 D = Other kills in this place as a percentage of other kills in the entire game.
 E = Experience gained in this place as a percentage of experience gained in the entire game.
 F = Experience gained in this place divided by the number of levels of this place that you have seen.
                   A       B       C       D       E      F
               +-------+-------+-------+-------+-------+----------------------
         Total | 100.0 | 100.0 |   N/A |   N/A | 100.0 |  18.0
       Dungeon | 100.0 | 100.0 |   N/A |   N/A | 100.0 |  18.0
               +-------+-------+-------+-------+-------+----------------------

Action                   || total
-------------------------++-------
Melee: Flail             ||    82
  Use: Potion            ||     1
Armor: Scale mail        ||    44
Dodge: Dodged            ||    28
Block: Kite shield       ||    48

Vanquished Creatures
  3 bats (D:1)
  4 endoplasms
  A giant cockroach (D:1)
  A goblin (D:1)
  A hobgoblin (D:1)
  3 jackals (D:1)
  A kobold (D:1)
  A quokka (D:1)
  3 ball pythons (D:1)
  A frilled lizard (D:1)
  2 rats (D:1)
21 creatures vanquished.
